 Dungeon Crawl Stone Soup version 0.28.0-1-gb440e238dd (webtiles) character file.

Game seed: 4013375437118409696

142 a3don the Ducker (level 5, 0/37 HPs)
             Began as a Merfolk Earth Elementalist on Feb 21, 2022.
             Was a Believer of Lugonu.
             Succumbed to an adder's poison
             ... on level 2 of the Dungeon.
             The game lasted 00:05:29 (3235 turns).

a3don the Ducker (Merfolk Earth Elementalist)       Turns: 3235, Time: 00:05:29

Health: 0/37       AC:  2    Str:  8    XL:     5   Next: 25%
Magic:  2/8        EV: 13    Int: 17    God:    Lugonu [**....]
Gold:   137        SH:  0    Dex: 14    Spells: 5/8 levels left

rFire   . . .      SeeInvis .   g - +0 war axe
rCold   . . .      Faith    .   (no shield)
rNeg    + . .      Spirit   .   b - +0 robe
rPois   .          Reflect  .   (no helmet)
rElec   .          Harm     .   (no cloak)
rCorr   .          Rampage  .   (no gloves)
Will    .....                   (no boots)
Stlth   ++........              (no amulet)
HPRegen 0.12/turn               i - ring of positive energy
MPRegen 0.11/turn               (no ring)

@: mighty, brilliant, lethally poisoned (0 -> -1), very slightly contaminated
A: (nimble swimmer 2), mertail
a: Renounce Religion, Depart the Abyss, Bend Space


You were on level 2 of the Dungeon.
You worshipped Lugonu.
Lugonu was pleased with you.
You visited 1 branch of the dungeon, and saw 2 of its levels.

You collected 137 gold pieces.

Inventory:

Hand Weapons
 a - a +0 short sword
 f - a +0 dagger
 g - a +0 war axe (weapon)
Missiles
 c - 72 stones
Armour
 b - a +0 robe (worn)
Jewellery
 i - a ring of positive energy (left hand)
Wands
 j - a wand of digging (6)
Scrolls
 d - a scroll of fog
 l - a scroll of teleportation {unknown}
Potions
 e - a potion of might


   Skills:
 + Level 1.1 Fighting
 * Level 1.4 Axes
 + Level 3.5 Dodging
 - Level 2.6 Stealth
 + Level 2.4 Spellcasting
 + Level 2.6 Transmutations
 + Level 2.8 Earth Magic
 * Level 1.7 Invocations


You had 5 spell levels left.
You knew the following spells:

 Your Spells              Type           Power      Damage    Failure   Level
a - Sandblast             Erth           34%        2d9       6%          1
b - Passwall              Tmut/Erth      14%        N/A       9%          2

Your spell library contained the following spells:

 Spells                   Type           Power      Damage    Failure   Level
 Stone Arrow              Conj/Erth      20%        3d8       30%         3
 Petrify                  Tmut/Erth      17%        N/A       52%         4
 Fireball                 Conj/Fire      1%         3d3       99%         5
 Starburst                Conj/Fire      1%         6d3       100%        6
 Ignition                 Fire           1%         3d3       100%        8


Dungeon Overview and Level Annotations

Branches:
Dungeon (2/15)

Altars:
Lugonu

Shops:
D:1 *


Innate Abilities, Weirdness & Mutations

((You are very nimble when in or above water. (Stealth+, EV+, Speed+++)))
Your lower body shifts to a powerful aquatic tail in water.


Message History

Confirm with . or Enter, or press ? or * to list all spells.
Aiming: Sandblast (safe; 6% risk of failure)
Press: ? - help, Shift-Dir - straight line, f/p - adder
Aim: an adder (severely wounded, 66% to hit)
The blast of sand hits the adder.
The adder is almost dead.
You feel sick. The adder bites you.
* * * LOW HITPOINT WARNING * * *
You are lethally poisoned!
The adder poisons you!
Casting: Sandblast (safe; 6% risk of failure)
Confirm with . or Enter, or press ? or * to list all spells.
Aiming: Sandblast (safe; 6% risk of failure)
Press: ? - help, Shift-Dir - straight line, f/p - adder
Aim: an adder (almost dead, 66% to hit)
The blast of sand hits the adder!
You kill the adder!
Lugonu accepts your kill.
* * * LOW HITPOINT WARNING * * *
You feel sick.
It was a potion of might.
You feel very mighty all of a sudden.
* * * LOW HITPOINT WARNING * * *
You feel sick.
It was a potion of brilliance.
You feel clever all of a sudden.
* * * LOW HITPOINT WARNING * * *
You feel sick.
There is a lethal amount of poison in your body!
* * * LOW HITPOINT WARNING * * *
You feel sick.
* * * LOW HITPOINT WARNING * * *
You feel sick.
You see here 13 gold pieces.
* * * LOW HITPOINT WARNING * * *
You feel sick.
As you read the scroll labelled ICVO YNLIOLEA, it crumbles to dust.
It is a scroll of identify.
d - a scroll of fog You die...

#..#
##.#.....##.##.......#
#..#
#.#...(.##..........#
#..#
#.#.....##.##########
#†.## #.#.....##.#
#...###.##.#####.#
#.#...####.### ..#
#...#.##.###.#####
######.##### ..#...##
#.........#..#.#@#..#
#.####....#.. $#$#..#
#....†.####..#####..#
######.#####..#.#..####
#.##..##.....##..##
###....##.!.##....##
#......#...#......#
##..##..##.##..##..##
#.)####..#.#..####..#


There were no monsters in sight!

Vanquished Creatures
  Natasha (twice) (D:2)
  4 adders (D:2)
  A dart slug (D:2)
  2 ball pythons
  4 endoplasms
  3 giant cockroaches
  7 goblins
  7 hobgoblins
  2 jackals (D:1)
  5 kobolds
  2 quokkas
  8 bats
  3 frilled lizards
  2 rats
52 creatures vanquished.

Notes
Turn   | Place    | Note
-------+----------+-------------------------------------------
     0 | D:1      | a3don the Merfolk Earth Elementalist began the quest for
                  | the Orb.
     0 | D:1      | Reached XP level 1. HP: 13/13 MP: 3/3
    50 | D:1      | Found Asamp's Assorted Antiques.
   827 | D:1      | Reached XP level 2. HP: 17/19 MP: 0/5
   906 | D:1      | Reached skill level 3 in Dodging
  1044 | D:1      | Learned a level 2 spell: Passwall
  1485 | D:1      | Found a faded altar of an unknown god.
  1517 | D:1      | Prayed at the altar of an unknown god.
  1517 | D:1      | Became a worshipper of Lugonu the Unformed
  1517 | D:1      | Reached * piety under Lugonu
  1517 | D:1      | Reached ** piety under Lugonu
  1683 | D:1      | Reached XP level 3. HP: 18/24 MP: 6/6
  2185 | D:2      | Noticed Natasha
  2195 | D:2      | Killed Natasha
  2196 | D:2      | Reached skill level 1 in Axes
  2196 | D:2      | Reached XP level 4. HP: 31/31 MP: 0/7
  2259 | D:2      | Reached skill level 1 in Invocations
  2466 | D:2      | Noticed Natasha
  2597 | D:2      | Killed Natasha
  2920 | D:2      | Reached skill level 1 in Fighting
  2920 | D:2      | Reached XP level 5. HP: 23/37 MP: 6/8
  3234 | D:2      | HP: 1/37 [poisoned by an adder]
  3235 | D:2      | Succumbed to an adder's poison

Illustrated notes

Levels and vault maps discovered:
D:1:      minmay_arrival_radiant_lines, layout_loops_cross,
          ebering_ecumenical_altar_abandoned, serial_shops,
          nicolae_shop_advertising_works [nicolae_subvault_shop_adworks],
          chequers_serial_rivers_small_b, amcnicky_mini_corridor_feature
D:2:      layout_loops_ring, minmay_puff, uniq_natasha

Skill      XL: |  1  2  3  4 |
---------------+-------------+-----
Dodging        | 3 |  3.5
Transmutations | 2 |  2.6
Axes           | 1 |  1.4
Invocations    | 1 |  1.7
Fighting       | 1 |  1.1
Stealth        | |  2.6
Spellcasting   | |  2.4
Earth Magic    | |  2.8

Action                   |  1- 3 |  4- 6 || total
-------------------------+-------+-------++-------
Melee: Unarmed           |    18 |       ||    18
       Short sword       |    16 |       ||    16
       War axe           |    29 |    26 ||    55
 Cast: Sandblast         |    34 |    17 ||    51
  Use: Potion            |       |     2 ||     2
       Scroll            |       |     1 ||     1
 Stab: Sleeping          |     3 |     2 ||     5
Armor: Robe              |    29 |    10 ||    39
Dodge: Dodged            |    70 |    29 ||    99
